Map: Newkirk Precinct TE (Void)

Players

MaNa

  • Race: Protoss Protoss
  • Spawn Location: 5:00

Caliber - Winner!

  • Race: Protoss Protoss
  • Spawn Location: 7:00

Event: WCS Austin 2017

VOD

Have the link to the VOD?

Description

Time

  • Played on: April 28, 2017, 2:47 p.m.
  • Length: 9:01

All games in this series

Show
View Real Time Build Order
Export as new Build Order

MaNa Protoss 

Build Orders:  

Get SALT Encoding   

  12  0:00  Probe (Chrono Boost)  
  13  0:11  Probe (Chrono Boost)  
  14  0:17  Pylon  
  14  0:22  Probe (Chrono Boost)  
  15  0:36  Probe (Chrono Boost)  
  15  0:37  Gateway  
  16  0:46  Probe (Chrono Boost)  
  16  0:47  Assimilator  
  18  0:57  Probe (Chrono Boost)  
  18  0:58  Assimilator  
  18  1:07  Probe (Chrono Boost)  
  18  1:10  Gateway  
  19  1:18  Probe (Chrono Boost)  
  20  1:24  Cybernetics Core  
  20  1:32  Pylon  
  21  1:34  Zealot  
  17  1:55  Pylon  
  17  2:07  Mothership Core (Chrono Boost)  
  18  2:19  Pylon  
  18  2:20  Stalker  
  16  3:25  Nexus  
  15  4:38  Probe (Chrono Boost)  
  15  4:48  Pylon  
  16  5:07  Probe (Chrono Boost)  
  16  5:08  Gateway  
  16  5:17  Probe (Chrono Boost)  
  17  5:28  Probe (Chrono Boost), Gateway  
  18  5:38  Probe (Chrono Boost)  
  18  5:41  Pylon  
  19  5:49  Probe (Chrono Boost)  
  20  5:50  Assimilator  
  20  5:52  Stalker  
  22  6:01  Probe (Chrono Boost)  
  23  6:09  Assimilator  
  23  6:12  Stalker  
  23  6:14  Probe (Chrono Boost)  
  27  6:26  Probe (Chrono Boost)  
  27  6:28  Pylon  
  27  6:35  Stalker  
  30  6:40  Probe (Chrono Boost)  
  30  6:45  Stalker  
  33  6:55  Probe (Chrono Boost)  
  33  7:06  Cybernetics Core  
  33  7:09  Sentry  
  33  7:13  Stalker  
  37  7:25  Probe (Chrono Boost)  
  37  7:28  Gateway  
  38  7:36  Pylon  
  38  7:50  Probe (Chrono Boost)  
  39  7:56  Stalker  
  39  7:57  Stalker  
  37  8:16  Mothership Core (Chrono Boost), Stalker  
  37  8:26  Stalker  
  37  8:27  Stalker  
Show
View Real Time Build Order
Export as new Build Order

Caliber Protoss - Winner!

Build Orders: Cannon Rush 

Get SALT Encoding   

  12  0:00  Probe (Chrono Boost)  
  13  0:11  Probe (Chrono Boost)  
  14  0:18  Pylon  
  14  0:23  Probe (Chrono Boost)  
  15  0:36  Probe (Chrono Boost)  
  15  0:40  Forge  
  16  0:46  Probe (Chrono Boost)  
  17  0:55  Pylon  
  17  1:13  Photon Cannon  
  17  1:15  Pylon  
  17  1:32  Pylon  
  17  1:33  Photon Cannon  
  17  1:35  Photon Cannon  
  17  1:45  Photon Cannon  
  17  1:49  Photon Cannon  
  17  1:51  Photon Cannon  
  17  2:01  Photon Cannon  
  17  2:06  Photon Cannon  
  17  2:13  Photon Cannon  
  17  2:26  Photon Cannon  
  17  2:35  Photon Cannon  
  17  2:44  Pylon  
  17  2:46  Gateway  
  17  2:58  Photon Cannon  
  17  3:08  Photon Cannon  
  16  3:29  Photon Cannon  
  15  3:53  Probe (Chrono Boost)  
  10  4:10  Probe (Chrono Boost)  
  11  4:27  Assimilator  
  12  4:31  Probe (Chrono Boost)  
  12  4:42  Probe (Chrono Boost)  
  13  4:54  Cybernetics Core  
  13  4:59  Probe (Chrono Boost)  
  14  5:10  Probe (Chrono Boost)  
  15  5:20  Probe (Chrono Boost)  
  16  5:24  Warp Gate  
  16  5:27  Stalker  
  19  5:36  Probe (Chrono Boost)  
  19  5:48  Probe (Chrono Boost)  
  20  6:00  Probe (Chrono Boost)  
  21  6:07  Gateway  
  22  6:13  Probe (Chrono Boost)  
  22  6:18  Gateway  
  22  6:29  Gateway  
  22  6:37  Stalker  
  24  6:52  Pylon  
  24  7:15  Gateway  
  24  7:28  Stalker x3  
  24  7:29  Stalker  
  32  7:37  Probe (Chrono Boost)  
  32  7:49  Probe (Chrono Boost)  
  33  7:51  Stalker x2  
  33  7:56  Adept  
  35  8:14  Stalker  
  35  8:15  Zealot  
  39  8:21  Zealot  
  39  8:25  Zealot  
  39  8:50  Zealot  
  39  8:51  Stalker, Zealot, Adept  
Tags
 
Add a new tag
Caveats
  • Supply blocks, unpowered buildings, or Contaminate may cause inaccurate times.
  • Supply counts are checked every 10 seconds.